 Seeded DCSS version 0.28.0-45-g0d030f2227 (webtiles) character file.

Game seed: 11774175786726608840 (custom seed)

40 NinjaNoafa the Ruffian (level 3, 0/29 HPs)
             Began as a Draconian Transmuter on Apr 18, 2022.
             Slain by Sigmund
             ... wielding a +0 scythe
              (4 damage)
             ... on level 2 of the Dungeon.
             The game lasted 00:02:29 (1399 turns).

NinjaNoafa the Ruffian (Draconian Transmuter)       Turns: 1399, Time: 00:02:29

Health: 0/29       AC:  5    Str: 12    XL:     3   Next: 30%
Magic:  4/6        EV: 12    Int: 15    God:
Gold:   22         SH:  0    Dex: 11    Spells: 5/6 levels left

rFire   . . .      SeeInvis .     - Unarmed
rCold   . . .      Faith    .   (no shield)
rNeg    . . .      Spirit   .   (armour unavailable)
rPois   .          Reflect  .   (helmet currently unavailable)
rElec   .          Harm     .   (no cloak)
rCorr   .          Rampage  .   (no gloves)
Will    .....                   (boots currently unavailable)
Stlth   +.........              (no amulet)
HPRegen 0.09/turn               (no ring)
MPRegen 0.10/turn               (no ring)

@: appendages, flying
A: horns 2, talons 2, AC +5, unfitting armour, cold-blooded
a: End Transformation


You were on level 2 of the Dungeon.
You had temporarily grown beastly horns and talons.
You visited 1 branch of the dungeon, and saw 2 of its levels.

You collected 22 gold pieces.

Inventory:

Hand Weapons
 c - a +0 whip
Scrolls
 b - 2 scrolls of identify {unknown}
 d - a scroll of enchant armour {unknown}
 e - a scroll of vulnerability {unknown}


   Skills:
 + Level 1.6 Fighting
 + Level 2.2 Dodging
 + Level 3.3 Unarmed Combat
 + Level 2.3 Spellcasting
 + Level 0.4 Necromancy
 + Level 2.4 Transmutations


You had 5 spell levels left.
You knew the following spells:

 Your Spells              Type           Power      Damage    Failure   Level
a - Beastly Appendage     Tmut           18%        N/A       8%          1

Your spell library contained the following spells:

 Spells                   Type           Power      Damage    Failure   Level
 Wereblood                Tmut           9%         N/A       12%         2
 Pain                     Necr           8%         1d4       19%         1
 Spider Form              Tmut/Pois      5%         N/A       36%         3
 Inner Flame              Hex/Fire       1%         N/A       54%         3
 Ice Form                 Ice/Tmut       5%         N/A       78%         4
 Cause Fear               Hex            0%         N/A       91%         4
 Agony                    Necr           2%         N/A       99%         5
 Excruciating Wounds      Necr           1%         N/A       99%         5
 Discord                  Hex            0%         N/A       100%        8


Dungeon Overview and Level Annotations

Branches:
Dungeon (2/15)

Altars:

Shops:
D:1 =

Annotations:
D:2 Sigmund


Innate Abilities, Weirdness & Mutations

You have temporarily grown beastly horns and talons.
Your plain brown scales are hard. (AC +5)
You cannot fit into any form of body armour.
You are cold-blooded and may be slowed by cold attacks.


Message History

You bump into the rock wall.
Sigmund barely misses you.
You hit Sigmund. Your kick misses Sigmund. Your headbutt misses Sigmund.
Sigmund is moderately wounded.
Sigmund casts a spell at you. The magic dart hits you.
Your horns disappear.
Your talons disappear.
Sigmund gestures at you while chanting. You resist with significant effort.
Sigmund hits you with a +0 scythe!
You closely miss Sigmund.
Your tail-slap misses Sigmund.
Sigmund is moderately wounded.
You feel less confused. Sigmund barely misses you.
You are too injured to fight recklessly!
Casting: Beastly Appendage (safe; 8% risk of failure)
Confirm with . or Enter, or press ? or * to list all spells.
You miscast Beastly Appendage.
You are very lightly contaminated with residual magic.
Nothing appears to happen.
Casting: Beastly Appendage (safe; 8% risk of failure)
Confirm with . or Enter, or press ? or * to list all spells.
You grow a pair of large bovine horns.
Your feet morph into talons.
Sigmund closely misses you. Sigmund closely misses you.
You closely miss Sigmund. You headbutt Sigmund, but do no damage.
Sigmund is moderately wounded.
You hit Sigmund. You claw Sigmund.
Sigmund is severely wounded.
Sigmund misses you.
You barely miss Sigmund.
Your tail-slap misses Sigmund.
Sigmund is severely wounded.
Sigmund hits you with a +0 scythe!
* * * LOW HITPOINT WARNING * * *
You closely miss Sigmund. You claw Sigmund. Your headbutt misses Sigmund.
Sigmund is almost dead.
Your magical contamination has completely faded away.
You hit Sigmund. Your kick misses Sigmund.
Sigmund is almost dead.
Sigmund hits you with a +0 scythe.
You die...

##...###.##.....#.
#........##.....#.
#...............#.
#...............'.
#...............#.
#...............#.
###.###...........#.
#...# #.......#.###.
#..@# #.......#.# #.
#..@# ###### #. #.
#...# .. .. ##....#
#....# #......
#....### #....#
#....#


You could see Sigmund.

Vanquished Creatures
  A worm (D:1)
  4 bats (D:1)
  3 endoplasms (D:1)
  4 giant cockroaches (D:1)
  2 goblins (D:1)
  4 hobgoblins
  2 jackals (D:1)
  2 quokkas (D:1)
  3 ball pythons
  2 frilled lizards
  A kobold (D:1)
  5 rats
33 creatures vanquished.

Notes
Turn   | Place    | Note
-------+----------+-------------------------------------------
     0 | D:1      | NinjaNoafa the Draconian Transmuter began the quest for the
                  | Orb.
     0 | D:1      | Reached XP level 1. HP: 16/16 MP: 3/3
   242 | D:1      | Reached XP level 2. HP: 23/23 MP: 3/5
   615 | D:1      | Reached XP level 3. HP: 27/28 MP: 6/6
   635 | D:1      | Found Xicudesa's One-of-a-Kind Rings.
   685 | D:1      | Found a faded altar of an unknown god.
  1368 | D:2      | Noticed Sigmund
  1399 | D:2      | Slain by Sigmund

Illustrated notes

Levels and vault maps discovered:
D:1:      dpeg_arrival_brainrot, layout_loops_ring,
          nicolae_ecumenical_lake_church, minivault_14, minmay_misc_feat_square,
          solitary_fountain, nicolae_shop_unique_rings, minmay_domino_2
D:2:      layout_basic, basic_altar, serial_corexii_hall,
          chequers_hall_statues_y, chequers_hall_statues_y, uniq_sigmund,
          uniq_natasha

Skill      XL: |  1  2 |
---------------+-------+-----
Dodging        | 2 |  2.2
Fighting       | |  1.6
Unarmed Combat | |  3.3
Spellcasting   | |  2.3
Necromancy     | |  0.4
Transmutations | |  2.4

Action                   || total
-------------------------++-------
Melee: Unarmed           ||    96
       Kick              ||    20
       Tailslap          ||     4
       Punch             ||     1
       Headbutt          ||     7
       Whip              ||     1
 Cast: Beastly Appendage ||    22
  Use: Potion            ||     3
Armor: Skin              ||    36
Dodge: Dodged            ||    81
